 Dungeon Crawl Stone Soup version 0.28.0-43-g3370ac3207 (webtiles) character file.

Game seed: 10087486880545516735

53 Ablot the Grasshopper (level 3, 0/31 HPs)
             Began as a Gnoll Warper on Mar 12, 2022.
             Succumbed to Robin's poison
             ... on level 2 of the Dungeon.
             The game lasted 00:01:40 (1600 turns).

Ablot the Grasshopper (Gnoll Warper)                Turns: 1600, Time: 00:01:41

Health: 0/31       AC:  3    Str: 12    XL:     3   Next: 89%
Magic:  9/9        EV: 12    Int: 12    God:
Gold:   17         SH:  0    Dex: 11    Spells: 10/12 levels left

rFire   . . .      SeeInvis .   o - +0 rapier (drain)
rCold   . . .      Faith    .   (no shield)
rNeg    . . .      Spirit   .   b - +0 leather armour
rPois   .          Reflect  .   (no helmet)
rElec   .          Harm     .   (no cloak)
rCorr   .          Rampage  .   (no gloves)
Will    .....                   (no boots)
Stlth   +.........              (no amulet)
HPRegen 0.10/turn               (no ring)
MPRegen 0.11/turn               (no ring)

@: brilliant, lethally poisoned (0 -> -8)
A: fangs 1, strong nose, distributed training
a: no special abilities


You were on level 2 of the Dungeon.
You visited 1 branch of the dungeon, and saw 2 of its levels.

You collected 17 gold pieces.

Inventory:

Hand Weapons
 a - a +0 spear
 o - a +0 rapier of draining (weapon)
Missiles
 d - 5 boomerangs of dispersal (quivered)
 f - 93 stones
 r - 13 arrows
Armour
 b - a +0 leather armour (worn)
Jewellery
 q - a ring of flight
Scrolls
 c - a scroll of blinking
 e - a scroll of summoning {unknown}
 h - a scroll of vulnerability {unknown}
 j - a scroll of magic mapping {unknown}
 m - 3 scrolls of identify {unknown}
Potions
 g - a potion of might {unknown}
 i - a potion of invisibility {unknown}
 k - a potion of curing {unknown}
 l - a potion of lignification {unknown}
 n - a potion of heal wounds {unknown}
 p - a potion of brilliance


   Skills:
 + Level 4.6 Fighting
 + Level 1.0 Short Blades
 + Level 1.0 Long Blades
 + Level 1.0 Axes
 + Level 1.0 Maces & Flails
 + Level 4.6 Polearms
 + Level 1.0 Staves
 + Level 1.0 Slings
 + Level 1.0 Bows
 + Level 1.0 Crossbows
 + Level 2.6 Throwing
 + Level 2.6 Armour
 + Level 4.6 Dodging
 + Level 1.0 Stealth
 + Level 1.0 Shields
 + Level 1.0 Unarmed Combat
 + Level 5.0 Spellcasting
 + Level 0.7 Conjurations
 + Level 0.7 Hexes
 + Level 0.7 Summonings
 + Level 0.7 Necromancy
 + Level 5.4 Translocations
 + Level 0.7 Transmutations
 + Level 0.7 Fire Magic
 + Level 0.7 Ice Magic
 + Level 0.7 Air Magic
 + Level 0.7 Earth Magic
 + Level 0.7 Poison Magic
 + Level 1.0 Invocations
 + Level 1.0 Evocations


You had 10 spell levels left.
You knew the following spells:

 Your Spells              Type           Power      Damage    Failure   Level
a - Blink                 Tloc           48%        N/A       4%          2

Your spell library contained the following spells:

 Spells                   Type           Power      Damage    Failure   Level
 Gell's Gravitas          Tloc           24%        N/A       9%          3
 Lesser Beckoning         Tloc           24%        N/A       9%          3
 Teleport Other           Tloc           24%        N/A       9%          3
 Manifold Assault         Tloc           24%        N/A       58%         5


Dungeon Overview and Level Annotations

Branches:
Dungeon (2/15)

Altars:

Annotations:
D:2 Robin


Innate Abilities, Weirdness & Mutations

You have very sharp teeth.
Your uncanny sense of smell can sniff out nearby items.
Your experience applies equally to all skills.


Message History

The hobgoblin hits you but does no damage.
You hit Robin.
Robin is heavily wounded.
You hear a shout!
Robin roars a battlecry!
The goblins go into a battle-frenzy!
A hobgoblin comes into view.
The goblin hits you with a +0 dagger. The hobgoblin misses you.
A goblin comes into view. It is wielding a +0 club.
You barely miss the hobgoblin. The goblin closely misses you.
The hobgoblin barely misses you.
Robin hits you with a +1 dagger of venom.
You are poisoned.
You barely miss the hobgoblin.
You bite the hobgoblin, but do no damage.
You feel sick.
A goblin comes into view. It is wielding a +0 club.
The goblin barely misses you. The hobgoblin closely misses you.
Robin closely misses you.
Unknown command.
You barely miss the hobgoblin.
You feel sick. The goblin hits you but does no damage.
The hobgoblin closely misses you.
Robin hits you with a +1 dagger of venom.
You are more poisoned.
Unknown command.
You hit the hobgoblin but do no damage. Your bite misses the hobgoblin.
You feel very sick. The goblin hits you but does no damage.
The hobgoblin barely misses you. Robin barely misses you.
The goblin barely misses you.
Unknown command.
You hit the hobgoblin. Your bite misses the hobgoblin.
The hobgoblin is almost dead.
You feel sick. The hobgoblin closely misses you. Robin barely misses you.
The goblin hits you with a +0 dagger.
* * * LOW HITPOINT WARNING * * *
The hobgoblin hits you.
* * * LOW HITPOINT WARNING * * *
It was a potion of brilliance.
You feel clever all of a sudden.
You die...

.............#
#....#......#.
####.#.##.#
.......#..#
#.....†<..#
#..##..)..# #
∆ #.#.bg#.#.>.
#.##ggg..... .
#@#...... ..
#g#...... ..
#.# .g... ...
#.# ..... #.#
.... #.# . #.#
#.#


You could see Robin (drained), a hobgoblin (strong), 3 goblins and a bat.

Vanquished Creatures
  A gnoll (D:1)
  An adder (D:2)
  4 bats (D:1)
  3 endoplasms (D:1)
  2 giant cockroaches (D:1)
  4 goblins
  4 hobgoblins
  2 quokkas (D:1)
  A ball python (D:1)
  4 frilled lizards (D:1)
  3 kobolds
  4 rats (D:1)
33 creatures vanquished.

Notes
Turn   | Place    | Note
-------+----------+-------------------------------------------
     0 | D:1      | Ablot the Gnoll Warper began the quest for the Orb.
     0 | D:1      | Reached XP level 1. HP: 20/20 MP: 6/6
   418 | D:1      | Found a faded altar of an unknown god.
   420 | D:1      | Reached XP level 2. HP: 26/26 MP: 7/7
   423 | D:1      | Learned a level 2 spell: Blink
  1008 | D:1      | Reached XP level 3. HP: 31/31 MP: 9/9
  1021 | D:1      | Reached skill level 5 in Spellcasting
  1109 | D:1      | Reached skill level 1 in Invocations
  1582 | D:2      | Reached skill level 1 in Short Blades
  1582 | D:2      | Reached skill level 1 in Long Blades
  1582 | D:2      | Reached skill level 1 in Axes
  1582 | D:2      | Reached skill level 1 in Maces & Flails
  1582 | D:2      | Reached skill level 1 in Staves
  1582 | D:2      | Reached skill level 1 in Slings
  1582 | D:2      | Reached skill level 1 in Bows
  1582 | D:2      | Reached skill level 1 in Crossbows
  1582 | D:2      | Reached skill level 1 in Stealth
  1582 | D:2      | Reached skill level 1 in Shields
  1582 | D:2      | Reached skill level 1 in Unarmed Combat
  1582 | D:2      | Reached skill level 1 in Evocations
  1591 | D:2      | Identified the +2 helmet of the Iron City of Dis {Contam
                  | Rampage Int-3 Dex+8}
  1591 | D:2      | Noticed Robin
  1600 | D:2      | Succumbed to Robin's poison

Illustrated notes

Levels and vault maps discovered:
D:1:      saegor_arrival_simple_c, layout_loops_ring,
          hellmonk_ecumenical_altar_zigzags
D:2:      layout_rooms, serial_co_window_serial, co_window_corner_a,
          co_window_cross_1, co_window_paths_b, co_window_paths_a,
          co_window_paths_a, co_window_paths_b, co_window_paths_a,
          co_window_corner_a, co_window_paths_a, co_window_unsneaky_path_c,
          co_window_paths_c, co_window_paths_c, co_window_of_opportunity_b,
          glass_columns_b, uniq_sigmund, uniq_robin

Skill      XL: |  1  2  3 |
---------------+----------+-----
Spellcasting   | 5 |  5.0
Invocations    | 1 |  1.0
Short Blades   | 1 |  1.0
Long Blades    | 1 |  1.0
Axes           | 1 |  1.0
Maces & Flails | 1 |  1.0
Staves         | 1 |  1.0
Slings         | 1 |  1.0
Bows           | 1 |  1.0
Crossbows      | 1 |  1.0
Stealth        | 1 |  1.0
Shields        | 1 |  1.0
Unarmed Combat | 1 |  1.0
Evocations     | 1 |  1.0
Fighting       | |  4.6
Polearms       | |  4.6
Throwing       | |  2.6
Armour         | |  2.6
Dodging        | |  4.6
Conjurations   | |  0.7
Hexes          | |  0.7
Summonings     | |  0.7
Necromancy     | |  0.7
Translocations | |  5.4
Transmutations | |  0.7
Fire Magic     | |  0.7
Ice Magic      | |  0.7
Air Magic      | |  0.7
Earth Magic    | |  0.7
Poison Magic   | |  0.7

Action                   || total
-------------------------++-------
Melee: Spear             ||    89
       Bite              ||    11
       Rapier            ||    41
       Punch             ||     2
  Use: Potion            ||     1
 Stab: Sleeping          ||     1
Armor: Leather armour    ||    44
Dodge: Dodged            ||    98
